 Dungeon Crawl Stone Soup version 0.18-a0-1797-gc18daef (webtiles) character file.

634 epen the Spear-Bearer (level 7, -8/79 HPs)
             Began as a Merfolk Gladiator on Apr 22, 2016.
             Mangled by Pikel
             ... wielding a +1 whip of electrocution
              (12 damage)
             ... on level 4 of the Dungeon.
             The game lasted 00:12:40 (4530 turns).

epen the Spear-Bearer (Merfolk Gladiator)           Turns: 4530, Time: 00:12:40

Health: -8/79      AC: 23    Str: 17    XL:     7   Next: 49%
Magic:  7/7        EV:  2    Int:  7    God:
Gold:   145        SH:  3    Dex: 15    Spells: 0 memorised, 6 levels left

rFire  . . .     SeeInvis .     (no weapon)
rCold  . . .     Gourm    .     (armour currently unavailable)
rNeg   + + +     Faith    .     (no shield)
rPois  +         Spirit   .     (helmet currently unavailable)
rElec  .         Dismiss  .     (cloak currently unavailable)
rCorr  .         Reflect  +     (gloves currently unavailable)
SustAt .         Harm     .     (boots currently unavailable)
MR     .....     NoTele   +     n - +3 amulet of reflection
Stlth  +.........               (no ring)
                                h - ring of poison resistance

@: tree-form, not resistant to hostile enchantments, very unstealthy
A: (change form in water), (swift swim)
a: no special abilities


You were on level 4 of the Dungeon.
You were not hungry.
You were a tree.
You visited 1 branch of the dungeon, and saw 5 of its levels.

You collected 145 gold pieces.

Inventory:

Hand Weapons
 a - a +1 trident
Missiles
 d - 3 throwing nets (quivered)
Armour
 b - a +0 leather armour
 c - a +0 helmet
 e - a +0 helmet (melded)
 o - a +0 plate armour
 q - a +0 pair of boots (melded)
 u - a +0 chain mail
 x - a +0 ring mail
 B - a +1 ring mail of magic resistance (melded)
Jewellery
 h - a ring of poison resistance (left branch)
 n - a +3 amulet of reflection (around neck)
Wands
 y - a wand of digging (12/24)
Scrolls
 g - a scroll of blinking {unknown}
 j - 3 scrolls of remove curse
 l - a scroll of teleportation
 t - a scroll of enchant weapon
Potions
 k - a potion of curing
 m - a potion of flight
 r - a potion of lignification
 w - a potion of cure mutation {unknown}
 z - 2 potions of invisibility
Books
 p - a book of Envenomations

   Spells                             Type                      Level
   a - Spider Form                    Transmutation/Poison         3
   b - Olgreb's Toxic Radiance        Poison                       4
   c - Alistair's Intoxication        Transmutation/Poison         5
   d - Poisonous Cloud                Conjuration/Poison/Air       6
Comestibles
 f - 2 bread rations
 i - a beef jerky
 s - 3 fruits
 v - 2 meat rations


   Skills:
 + Level 3.9 Fighting
 * Level 8.0 Polearms
 - Level 2.0 Throwing
 + Level 2.1 Armour
 * Level 7.1 Dodging


You had 6 spell levels left.
You didn't know any spells.

Dungeon Overview and Level Annotations

Branches:
Dungeon (5/15)
 Temple: D:4-7

Altars:
Ashenzari
Dithmenos
Sif Muna
Yredelemnul

Annotations:
D:4 Pikel


Message History

* * * LOW HITPOINT WARNING * * *
You closely miss Pikel.
Pikel is lightly wounded.
Pikel hits you but does no damage.
You smack Pikel!
Pikel is moderately wounded.
Pikel says, "You'll fetch a fair price!"
You block Pikel's attack.
You hit Pikel.
Pikel is heavily wounded.
Pikel says, "Why not give it a go?
You'll get fed.
Maybe."
Pikel hits you but does no damage.
You hit Pikel but do no damage.
Pikel is heavily wounded.
Pikel hits you with a whip of electrocution.
* * * LOW HITPOINT WARNING * * *
You hit Pikel.
Pikel is heavily wounded.
Pikel hits you but does no damage.
You are electrocuted!
You die...

#.#
#......#..........##...#
#.#
#......#..........######
#.# #......#..........#
#.###......#..........# ###
#...'......#........).###.#
#####......####..###......#
#......# #..# #.####.#
###########..###.####.#
#.♣K.........##.#
#.#############.###
#...#...........#..
###.#.#####........
#.#.....#........
#.#.###.#........ #.#.#
#.#........
###'#.###.#........
#.....##.....#....#


You could see Pikel.

Vanquished Creatures
  The ghost of epen the Insei, an amateur OpMo (D:4)
  A scorpion (D:4)
  2 howler monkeys (D:4)
  An orc priest (D:4)
  A centaur skeleton (D:4)
  An orc wizard (D:4)
  An iguana (D:4)
  A worker ant (D:4)
  Terence (D:2)
  5 adders
  2 oozes
  An adder skeleton (D:4)
  5 worms
  3 dart slugs
  10 orcs
  A ball python (D:2)
  A giant cockroach (D:3)
  9 goblins
  5 hobgoblins
  5 jackals
  15 kobolds
  3 quokkas
  4 bats
  3 giant newts
  5 rats
87 creatures vanquished.

Notes
Turn   | Place    | Note
--------------------------------------------------------------
     0 | D:1      | epen the Merfolk Gladiator began the quest for the Orb.
     0 | D:1      | Reached XP level 1. HP: 16/16 MP: 1/1
    69 | D:1      | Reached XP level 2. HP: 13/23 MP: 2/2
   640 | D:1      | Reached skill level 5 in Polearms
   640 | D:1      | Reached XP level 3. HP: 28/28 MP: 3/3
  1244 | D:2      | Noticed Terence
  1345 | D:2      | Killed Terence
  1345 | D:2      | Reached XP level 4. HP: 22/34 MP: 4/4
  1685 | D:2      | Found a deep blue altar of Sif Muna.
  1850 | D:3      | Reached skill level 1 in Armour
  1853 | D:3      | Reached skill level 6 in Polearms
  1863 | D:3      | Reached skill level 5 in Dodging
  2195 | D:3      | Reached XP level 5. HP: 36/40 MP: 5/5
  2613 | D:3      | Found a shadowy altar of Dithmenos.
  2795 | D:4      | Noticed epen's ghost (amateur OpMo)
  3023 | D:4      | Reached XP level 6. HP: 45/47 MP: 6/6
  3249 | D:4      | Reached skill level 7 in Polearms
  3299 | D:4      | HP: 2/47 [orc priest/nerve-wracking pain (8)]
  3660 | D:4      | Found a basalt altar of Yredelemnul.
  3864 | D:4      | Found a shattered altar of Ashenzari.
  3899 | D:4      | Killed epen's ghost
  3899 | D:4      | Reached skill level 8 in Polearms
  3899 | D:4      | Reached XP level 7. HP: 16/53 MP: 7/7
  4414 | D:5      | Entered Level 5 of the Dungeon
  4497 | D:5      | Noticed Pikel
  4529 | D:4      | HP: 3/79 [Pikel/whip of electrocution (3)]
  4530 | D:4      | Mangled by Pikel

Vault maps used:
D:1:      zaba_arrival_water
D:2:      old_standard_altar, uniq_terence
D:3:      lemuel_round_altar, guppyfry_early_lair_pool
D:4:      overflow_temple_1_default, nicolae_ashenzari_panopticon
D:5:      corexii_shack_village, okawaru_ov_weapons_minmay, elyvilon_altar_4,
          first_bread, uniq_pikel, uniq_sigmund

Skill      XL: |  1  2  3  4  5  6 |
---------------+-------------------+-----
Polearms       | 5 6 8 |  8.0
Armour         | 1 2 |  2.1
Dodging        | 5 7 |  7.1
Fighting       | 3 |  3.9
Throwing       | |  2.0

Action                   |  1- 3 |  4- 6 |  7- 9 || total
-------------------------+-------+-------+-------++-------
Melee: Trident           |   136 |   249 |    33 ||   418
       Unarmed           |       |       |     7 ||     7
  Use: Scroll            |       |    10 |       ||    10
       Potion            |       |     1 |     1 ||     2
 Stab: Sleeping          |     1 |     1 |       ||     2
  Eat: Chunk             |     1 |     7 |     2 ||    10
       Royal jelly       |       |       |     1 ||     1
Armor: Leather armour    |    25 |    13 |       ||    38
       Chain mail        |       |    58 |     4 ||    62
       Skin              |       |       |     5 ||     5
       Ring mail         |       |       |     1 ||     1
Dodge: Dodged            |    75 |   108 |    11 ||   194
Block: Other             |       |    24 |     3 ||    27
